 Dungeon Crawl Stone Soup version bcrawl-1.31.4 (webtiles) character file.

Game seed: 14552919996128630906

164488 Morbidden the Sneak (level 6, 0/47 HPs)
             Began as a Demonspawn Archaeologist on June 19, 2021.
             Was an Initiate of Vehumet.
             Slain by an ogre
             ... wielding a +0 giant club
              (11 damage)
             ... on level 5 of the Dungeon.
             The game lasted 00:07:11 (4485 turns).

Morbidden the Sneak (Demonspawn Archaeologist)      Turns: 4485, Time: 00:07:12

Health: 0/47       AC:  9    Str: 14    XL:     6   Next: 97%
Magic:  7/7        EV: 10    Int: 15    God:    Vehumet [......]
Gold:   342        SH:  0    Dex: 11    Spells: 7/7 levels left

rFire    . . .     SeeInvis .   b - +2 short sword (speed)
rCold    . . .     Gourm    .   (no shield)
rNeg     . . .     Faith    .   y - +0 scale mail
rPois    .         Spirit   .   d - +1 hat
rElec    .         Reflect  .   (no cloak)
rCorr    .         Harm     .   (no gloves)
MR       .....                  k - +1 pair of boots
Stlth    ++........             (no amulet)
HPRegen  0.15/turn              (no ring)
MPRegen  0.10/turn              (no ring)

@: studying Armour
A: nightstalker 1
a: Renounce Religion


You were on level 5 of the Dungeon.
You worshipped Vehumet.
Vehumet was noncommittal.
You were not hungry.

You visited 1 branch of the dungeon, and saw 5 of its levels.

You collected 342 gold pieces.

Inventory:

Hand Weapons
 a - a +1 dagger of venom
 b - a +2 short sword of speed (weapon)
 r - a +0 falchion
 u - a +0 blowgun
Missiles
 f - 2 curare-tipped needles
Armour
 d - a +1 hat (worn)
 k - a +1 pair of boots (worn)
 y - a +0 scale mail (worn)
 z - a cursed +0 plate armour
Scrolls
 c - a scroll of fear {unknown}
 g - 3 scrolls of magic mapping
 h - a scroll of teleportation {unknown}
 i - 6 scrolls of identify
 m - 2 scrolls of blinking {unknown}
 o - a scroll of remove curse {unknown}
 q - 2 scrolls of amnesia {unknown}
 t - a scroll of noise {unknown}
 v - 2 scrolls of enchant armour {unknown}
 w - a scroll of immolation
 C - a scroll of enchant weapon {unknown}
Potions
 j - 2 potions of mutation {unknown}
 l - a potion of haste
 n - a potion of degeneration
 p - 5 potions of curing {unknown}
 s - a potion of agility {unknown}
 x - a potion of magic {unknown}
 A - a potion of heal wounds {unknown}
Comestibles
 e - 5 rations {!d}
 B - 2 chunks of flesh


   Skills:
 * Level 3.2 Fighting
 * Level 3.2 Short Blades
 + Level 0.9(2.2) Long Blades
   Level 1.1 Maces & Flails
 * Level 1.7 Armour
 * Level 4.0 Dodging
 + Level 4.3 Stealth
 * Level 1.0 Spellcasting


You had 7 spell levels left.
You didn't know any spells.
Your spell library was empty.

Dungeon Overview and Level Annotations

Branches:
Dungeon (5/12)
 Temple: D:4-7

Altars:
Ashenzari
Lugonu
Makhleb
Ru
Sif Muna
Trog
Vehumet
The Shining One

Shops:
D:4 =

Annotations:
D:3 1 runed translucent door, zzzzzzzz's ghost, amateur HOAc


Innate Abilities, Weirdness & Mutations

You are slightly more attuned to the shadows.


Message History

The centaur skeleton closely misses you.
The centaur skeleton barely misses you. The crimson imp breathes fire at you.
The flame tongue hits you!
* * * LOW HITPOINT WARNING * * *
The centaur skeleton closely misses you.
The centaur skeleton hits you but does no damage.
The crimson imp laughs crazily.
Okay, then.
Okay, then.
Unknown command.
Okay, then.
The crimson imp hits you.
* * * LOW HITPOINT WARNING * * *
The crimson imp blinks!
The crimson imp shouts, "Get thee gone, thou errant full-gorged nightsoil!"
Okay, then.
Okay, then.
The centaur skeleton misses you. The ogre hits you with a +0 giant club!
You die...

#.# #.. ##>######..
###.....##... ###
#.#.....#...#
###.#####.##........#
#....##..............
##.....##.#..........8
#####..#O.....#...........
##..#....Z@....##..........
#....5.#.#....<#....5......
###....####..##...#.........
#......###...#...##.........
####...............###........
#..##.#...##.<.#...###..).....
#......#..##.#.#....###.....#.
#.....##...#.#.....## ##......
##########.._......####.....##


You could see an ogre, a crimson imp and a centaur skeleton.

Vanquished Creatures
  A hungry ghost (D:3)
  Edmund (D:4)
  A crimson imp (D:4)
  A hound (D:3)
  A jelly (D:5)
  An orc priest (D:3)
  A howler monkey zombie (D:5)
  4 adders
  An adder skeleton (D:4)
  4 worms
  3 dart slugs
  2 leopard geckos
  2 orcs (D:3)
  2 ball pythons
  5 giant cockroaches
  5 goblins
  9 hobgoblins
  6 jackals
  4 quokkas
  6 bats
  4 kobolds (D:2)
  12 rats
76 creatures vanquished.

Notes
Turn   | Place    | Note
-------+----------+-------------------------------------------
     0 | D:1      | Morbidden the Demonspawn Archaeologist began the quest for
                  | the Orb.
     0 | D:1      | Reached XP level 1. HP: 15/15 MP: 1/1
   326 | D:1      | Gained mutation: You are slightly more attuned to the
                  | shadows. [demonic ancestry]
   326 | D:1      | Reached XP level 2. HP: 18/21 MP: 2/2
   430 | D:1      | Reached skill level 1 in Maces & Flails
  1148 | D:2      | Reached XP level 3. HP: 26/26 MP: 3/3
  1496 | D:2      | Found a glowing golden altar of the Shining One.
  2003 | D:3      | Noticed a hungry ghost
  2013 | D:3      | Reached XP level 4. HP: 30/33 MP: 4/4
  2204 | D:3      | Noticed a moth of wrath
  2207 | D:3      | Found a bloodstained altar of Trog.
  2316 | D:3      | Reached skill level 1 in Short Blades
  2579 | D:3      | Killed a hungry ghost
  2580 | D:3      | Reached XP level 5. HP: 13/40 MP: 5/5
  2580 | D:3      | Identified a scroll of acquirement
  2682 | D:3      | Found a runed translucent door.
  2685 | D:3      | Noticed zzzzzzzz's ghost (amateur HOAc)
  2724 | D:3      | Found a sacrificial altar of Ru.
  2732 | D:3      | Found a radiant altar of Vehumet.
  2741 | D:3      | Found a burning altar of Makhleb.
  2746 | D:3      | Became a worshipper of Vehumet
  3027 | D:3      | Found a burning altar of Makhleb.
  3044 | D:3      | Reached XP level 6. HP: 36/46 MP: 6/6
  3260 | D:4      | Noticed Edmund
  3306 | D:4      | Killed Edmund
  3307 | D:4      | Reached skill level 1 in Armour
  3397 | D:4      | Found Mett's Jewellery Shop.
  4155 | D:4      | Found a corrupted altar of Lugonu.
  4222 | D:5      | Entered Level 5 of the Dungeon
  4231 | D:5      | Found a shattered altar of Ashenzari.
  4382 | D:5      | Found a shimmering blue altar of Sif Muna.
  4420 | D:5      | Reached skill level 1 in Spellcasting
  4485 | D:5      | Slain by an ogre

Skill      XL: |  1  2  3  4  5  6 |
---------------+-------------------+-----
Dodging        | 3 4 |  4.0
Maces & Flails | 1 |  1.1
Fighting       | 2 3 |  3.2
Short Blades   | 2 3 |  3.2
Stealth        | 4 |  4.3
Armour         | 1 |  1.7
Spellcasting   | 1 |  1.0
Long Blades    | |  0.9

Action                   |  1- 3 |  4- 6 || total
-------------------------+-------+-------++-------
Melee: Whip              |    99 |       ||    99
       Falchion          |    28 |       ||    28
       Dagger            |    43 |    49 ||    92
       Short sword       |       |   125 ||   125
 Fire: Blowgun           |       |     4 ||     4
  Use: Scroll            |     1 |     2 ||     3
       Potion            |       |     2 ||     2
 Stab: Sleeping          |    12 |    11 ||    23
  Eat: Chunk             |     6 |    14 ||    20
       Ration            |       |     3 ||     3
Armor: Robe              |    59 |    21 ||    80
       Scale mail        |       |    29 ||    29
Dodge: Dodged            |   108 |    82 ||   190
